 Dungeon Crawl Stone Soup version 0.29-a0-284-gf9362112df (webtiles) character file.

Game seed: 10227328083547506586

257 iguanaiguana the Prestidigitator (level 6, -2/44 HPs)
             Began as a Gnoll Wanderer on Mar 21, 2022.
             Slain by a sky beast (5 damage)
             ... on level 3 of the Dungeon.
             The game lasted 00:07:46 (3036 turns).

iguanaiguana the Prestidigitator (Gnoll Wanderer)   Turns: 3036, Time: 00:07:47

Health: -2/44      AC: 10    Str: 13    XL:     6   Next: 16%
Magic:  13/13      EV: 10    Int: 10    God:
Gold:   95         SH:  0    Dex: 13    Spells: 14/15 levels left

rFire   + . .      SeeInvis .   a - +1 short sword (venom)
rCold   . . .      Faith    .   (no shield)
rNeg    . . .      Spirit   .   k - +0 ring mail
rPois   .          Reflect  .   (no helmet)
rElec   .          Harm     .   (no cloak)
rCorr   .          Rampage  .   m - +0 pair of gloves
Will    .....                   (no boots)
Stlth   ++........              (no amulet)
HPRegen 0.14/turn               f - +4 ring of protection
MPRegen 0.13/turn               n - ring of protection from fire

@: brilliant
A: fangs 1, strong nose, distributed training
a: no special abilities


You were on level 3 of the Dungeon.
You visited 1 branch of the dungeon, and saw 3 of its levels.

You collected 95 gold pieces.

Inventory:

Hand Weapons
 a - a +1 short sword of venom (weapon)
 b - a +0 vorpal long sword
 w - a +6 club
Armour
 d - a +0 leather armour
 k - a +0 ring mail (worn)
 m - a +0 pair of gloves (worn)
 x - a +3 leather armour of fire resistance
Jewellery
 f - a +4 ring of protection (left hand)
 n - a ring of protection from fire (right hand)
 u - an amulet of guardian spirit
Wands
 e - a wand of charming (6)
 y - a wand of polymorph (7)
Scrolls
 c - a scroll of fog
 g - a scroll of amnesia {unknown}
 h - 2 scrolls of teleportation {unknown}
 i - a scroll of immolation {unknown}
 o - a scroll of blinking {unknown}
 q - 2 scrolls of noise
 t - a scroll of magic mapping {unknown}
Potions
 j - 3 potions of brilliance
 l - a potion of lignification {unknown}
 p - a potion of might {unknown}
 r - a potion of degeneration {unknown}
 s - a potion of haste {unknown}
 v - a potion of curing {unknown}


   Skills:
 + Level 1.8 Fighting
 + Level 1.8 Short Blades
 + Level 1.8 Long Blades
 + Level 1.8 Axes
 + Level 1.8 Maces & Flails
 + Level 1.8 Polearms
 + Level 1.8 Staves
 + Level 1.8 Slings
 + Level 1.8 Bows
 + Level 1.8 Crossbows
 + Level 1.8 Throwing
 + Level 3.1 Armour
 + Level 1.8 Dodging
 + Level 4.5 Stealth
 + Level 1.8 Shields
 + Level 1.8 Unarmed Combat
 + Level 5.3 Spellcasting
 + Level 1.4 Conjurations
 + Level 2.5 Hexes
 + Level 1.4 Summonings
 + Level 1.4 Necromancy
 + Level 1.4 Translocations
 + Level 1.4 Transmutations
 + Level 1.4 Fire Magic
 + Level 1.4 Ice Magic
 + Level 1.4 Air Magic
 + Level 1.4 Earth Magic
 + Level 1.4 Poison Magic
 + Level 2.0 Invocations
 + Level 8.7 Evocations


You had 14 spell levels left.
You knew the following spells:

 Your Spells              Type           Power      Damage    Failure   Level
a - Slow                  Hex            44%        N/A       16%         1

Your spell library contained the following spells:

 Spells                   Type           Power      Damage    Failure   Level
 Freeze                   Ice            32%        1d5       26%         1
 Scorch                   Fire           16%        2d5       36%         2
 Dazzling Flash           Conj/Hex       20%        N/A       52%         3
 Frozen Ramparts          Ice            16%        1d3       58%         3
 Flame Wave               Conj/Fire      8%         2d5       94%         4
 Hailstorm                Conj/Ice       8%         3d4       94%         4
 Summon Cactus Giant      Summ           4%         N/A       100%        6


Dungeon Overview and Level Annotations

Branches:
Dungeon (3/15)

Altars:
Ashenzari

Annotations:
D:3 Grinder


Innate Abilities, Weirdness & Mutations

You have very sharp teeth.
Your uncanny sense of smell can sniff out nearby items.
Your experience applies equally to all skills.


Message History

Deactivating autopickup; reactivate with Ctrl-A.
Something hits you but does no damage.
You closely miss something. You punch something.
Something hits you but does no damage.
You miss something. You bite something. Something hits you but does no damage.
You completely miss something. Something hits you. Something shocks you.
You barely miss something. Something hits you but does no damage.
You miss something. Your bite misses something.
Something hits you but does no damage.
You closely miss something. Something completely misses you.
You miss something. Something hits you but does no damage.
You barely miss something. Something hits you. Something shocks you.
You closely miss something. Something hits you but does no damage.
You miss something. Your bite misses something. Something hits you.
Something shocks you.
You hit something but do no damage. Something hits you but does no damage.
You closely miss something. Something hits you but does no damage.
You hit something. Something hits you but does no damage.
You closely miss something. Something hits you.
* * * LOW HITPOINT WARNING * * *
Something shocks you.
* * * LOW HITPOINT WARNING * * *
You closely miss something. Your bite misses something. Something hits you.
* * * LOW HITPOINT WARNING * * *
Something shocks you.
* * * LOW HITPOINT WARNING * * *
Something hits you but does no damage.
It was a potion of brilliance.
You feel clever all of a sudden.
A sky beast appears from thin air!
Reactivating autopickup.
The sky beast barely misses you.
Okay, then.
Okay, then.
As you read the scroll labelled XAQORA GULYOTS, it crumbles to dust.
You hear a loud clanging noise!
It was a scroll of noise.
The sky beast hits you.
* * * LOW HITPOINT WARNING * * *
The sky beast shocks you.
You die...

#....................# #(
################..##.# #.
#..##.# #. #..##.###.
#......... ### #### ##.##.####
########.. ..# #.##.#
......##.# #.# #.##.#
#####.##.# #@########.##.#
.....|.#.#######Y.........##.#
#####........................#
......†..#####################
#####.#### #.# #.# #####.#
.|....#


You could see a sky beast.

Vanquished Creatures
  A phantom (D:3)
  A necrophage (D:3)
  Ijyb (D:3)
  Terence (D:3)
  2 adders (D:2)
  2 dart slugs
  An orc (D:3)
  5 ball pythons
  6 bats
  9 endoplasms
  2 giant cockroaches
  4 hobgoblins
  4 quokkas
  A frilled lizard (D:2)
  2 goblins
  5 kobolds
  7 rats
54 creatures vanquished.

Notes
Turn   | Place    | Note
-------+----------+-------------------------------------------
     0 | D:1      | iguanaiguana the Gnoll Wanderer began the quest for the
                  | Orb.
     0 | D:1      | iguanaiguana set off with the following items: a +0 dagger,
                  | a +0 pair of gloves, a scroll of fog, a +0 leather armour,
                  | a wand of charming (8); and the following spell memorised:
                  | Slow; and the following spells available to memorise:
                  | Dazzling Flash
     0 | D:1      | Reached XP level 1. HP: 13/13 MP: 6/6
   150 | D:1      | Reached XP level 2. HP: 16/19 MP: 7/7
  1228 | D:1      | Reached XP level 3. HP: 24/25 MP: 9/9
  1324 | D:2      | Reached skill level 5 in Spellcasting
  1425 | D:2      | Reached skill level 1 in Invocations
  1722 | D:2      | Reached skill level 1 in Fighting
  1722 | D:2      | Reached skill level 1 in Short Blades
  1722 | D:2      | Reached skill level 1 in Long Blades
  1722 | D:2      | Reached skill level 1 in Axes
  1722 | D:2      | Reached skill level 1 in Maces & Flails
  1722 | D:2      | Reached skill level 1 in Polearms
  1722 | D:2      | Reached skill level 1 in Staves
  1722 | D:2      | Reached skill level 1 in Slings
  1722 | D:2      | Reached skill level 1 in Bows
  1722 | D:2      | Reached skill level 1 in Crossbows
  1722 | D:2      | Reached skill level 1 in Throwing
  1722 | D:2      | Reached skill level 1 in Dodging
  1722 | D:2      | Reached skill level 1 in Shields
  1722 | D:2      | Reached skill level 1 in Unarmed Combat
  1725 | D:2      | Reached XP level 4. HP: 32/32 MP: 11/11
  1771 | D:2      | Found a broken altar of Ashenzari.
  2175 | D:3      | Noticed Terence
  2185 | D:3      | Killed Terence
  2295 | D:3      | Reached skill level 1 in Conjurations
  2295 | D:3      | Reached skill level 1 in Summonings
  2295 | D:3      | Reached skill level 1 in Necromancy
  2295 | D:3      | Reached skill level 1 in Translocations
  2295 | D:3      | Reached skill level 1 in Transmutations
  2295 | D:3      | Reached skill level 1 in Fire Magic
  2295 | D:3      | Reached skill level 1 in Ice Magic
  2295 | D:3      | Reached skill level 1 in Air Magic
  2295 | D:3      | Reached skill level 1 in Earth Magic
  2295 | D:3      | Reached skill level 1 in Poison Magic
  2310 | D:3      | Noticed a phantom
  2344 | D:3      | Killed a phantom
  2345 | D:3      | Reached XP level 5. HP: 19/37 MP: 7/12
  2526 | D:3      | Reached XP level 6. HP: 39/44 MP: 5/13
  2604 | D:3      | Noticed Grinder
  2842 | D:3      | Noticed Ijyb
  2979 | D:3      | Noticed a sky beast
  3011 | D:3      | Killed Ijyb
  3036 | D:3      | Slain by a sky beast

Illustrated notes

Levels and vault maps discovered:
D:1:      mushboom_english_gardens, layout_loops_ring, serial_forest,
          infiniplex_forest_lined_room_, infiniplex_forest_zigzag_2,
          infiniplex_forest_clump_long, infiniplex_forest_lined_3,
          infiniplex_forest_zigzag_1, infiniplex_forest_lined_2,
          infiniplex_forest_lined_corner, infiniplex_forest_straight_2,
          infiniplex_forest_straight_2
D:2:      kb_forest_paths, layout_loops_ring,
          dreamdust_ecumenical_altar_angels_and_demons, basic_altar,
          minmay_distorted
D:3:      layout_loops_ring, nicolae_elevator_lobby_plus, uniq_terence,
          uniq_ijyb, uniq_grinder

Skill      XL: |  1  2  3  4  5 |
---------------+----------------+-----
Hexes          | 2 |  2.5
Spellcasting   | 5 |  5.3
Invocations    | 1 2 |  2.0
Fighting       | 1 |  1.8
Short Blades   | 1 |  1.8
Long Blades    | 1 |  1.8
Axes           | 1 |  1.8
Maces & Flails | 1 |  1.8
Polearms       | 1 |  1.8
Staves         | 1 |  1.8
Slings         | 1 |  1.8
Bows           | 1 |  1.8
Crossbows      | 1 |  1.8
Throwing       | 1 |  1.8
Dodging        | 1 |  1.8
Shields        | 1 |  1.8
Unarmed Combat | 1 |  1.8
Conjurations   | 1 |  1.4
Summonings     | 1 |  1.4
Necromancy     | 1 |  1.4
Translocations | 1 |  1.4
Transmutations | 1 |  1.4
Fire Magic     | 1 |  1.4
Ice Magic      | 1 |  1.4
Air Magic      | 1 |  1.4
Earth Magic    | 1 |  1.4
Poison Magic   | 1 |  1.4
Armour         | 3 |  3.1
Stealth        | |  4.5
Evocations     | |  8.7

Action                   |  1- 3 |  4- 6 || total
-------------------------+-------+-------++-------
Melee: Dagger            |    51 |       ||    51
       Bite              |     9 |    10 ||    19
       Punch             |     1 |     2 ||     3
       Long sword        |    50 |    30 ||    80
       Short sword       |       |    54 ||    54
 Cast: Slow              |       |    18 ||    18
Evoke: Wand              |       |     2 ||     2
  Use: Scroll            |       |     1 ||     1
       Potion            |       |     1 ||     1
 Stab: Sleeping          |     9 |     2 ||    11
       Distracted        |     1 |       ||     1
Armor: Leather armour    |    16 |       ||    16
       Ring mail         |    37 |    53 ||    90
Dodge: Dodged            |    60 |    24 ||    84

Table legend: (Time is in decaauts)
 A = Elapsed time spent in this place.
 B = Non-inter-level travel time spent in this place.
 C = Inter-level travel time spent in this place.
 D = Time resting spent in this place.
 E = Time spent auto-exploring this place.
 F = Levels seen in this place.
 G = Mean time per level.
                   A        B        C        D        E       F      G
               +--------+--------+--------+--------+--------+-----+--------+
         Total |   3060 |   2846 |    214 |    489 |   1851 |   3 | 1020.0 |
       Dungeon |   3060 |   2846 |    214 |    489 |   1851 |   3 | 1020.0 |
               +--------+--------+--------+--------+--------+-----+--------+

Top non-repeatable levels by time:
     D:1: 1306 daAuts
     D:3: 968 daAuts
     D:2: 785 daAuts
